[Event "42nd Olympiad Baku 2016 Women"]
[Site "Baku"]
[Date "2016.09.03"]
[Round "2.4"]
[White "Tavares, Domingas"]
[Black "Mudongo, Boikhutso"]
[Result "0-1"]
[ECO "B90"]
[WhiteElo "1563"]
[BlackElo "1771"]
[Annotator ""]
[PlyCount "94"]
[EventDate "2016.??.??"]
[EventCountry "AZE"]
[SourceTitle "playchess.com"]
[Source "ChessBase"]
[WhiteTeam "Angola"]
[BlackTeam "Botswana"]
[WhiteTeamCountry "ANG"]
[BlackTeamCountry "BOT"]
[TimeControl "40/5400+30:1800+30"]

1. e4 {(00:00)} c5 {(00:00)} 2. Nf3 {(00:00)} d6 {(
00:00)} 3. d4 {(00:00)} cxd4 {(00:00)} 4. Nxd4 {(00:00)}
Nf6 {(00:00)} 5. Nc3 {(00:12)} a6 {(00:05)} 6. Be3 {
(00:18)} e6 {(00:30)} 7. h3 {(00:35)} Be7 {(00:13)}
8. Be2 {(01:48)} O-O {(00:23)} 9. O-O {(00:14)} b5 {
(00:07)} 10. a3 {(01:15)} Bb7 {(00:07)} 11. f3 {(
01:45)} Qc7 {(00:27)} 12. Bf2 {(02:22)} d5 {(00:50)} 13.
exd5 {(04:02)} Nxd5 {(00:05)} 14. Nxd5 {(00:55)} Bxd5 {
(00:08)} 15. Bd3 {(02:22)} Nd7 {(00:51)} 16. b4 {(
03:22)} Nf6 {(04:27)} 17. Qd2 {(02:57)} Nh5 {(03:38)} 18.
Ne2 {(00:19)} Rfd8 {(02:44)} 19. Qe3 {(08:25)} h6 {
(04:59)} 20. Qb6 {(10:14)} Qc8 {(04:51)} 21. Qe3 {(
00:46)} Bd6 {(00:51)} 22. Rfd1 {(05:33)} Qc7 {(02:27)} 23.
Qb6 {(01:03)} Qe7 {(02:10)} 24. Qe3 {(04:29)} Qf6 {
(01:22)} 25. Be4 {(03:40)} Nf4 {(12:37)} 26. Bxd5 {
(06:14)} Nxd5 {(03:45)} 27. Qe4 Rac8 {(04:55)} 28. Bd4 {
(10:10)} Qg5 {(01:36)} 29. Rac1 {(03:49)} Nf4 {(03:
35)} 30. Nxf4 {(01:02)} Bxf4 {(00:43)} 31. Ra1 {(02:08)}
Rxd4 {(06:58)} 32. Rxd4 {(03:47)} Be3+ {(00:11)} 33. Kh1 {
(00:35)} Bxd4 {(00:23)} 34. Qxd4 {(00:18)} Rxc2 {(
01:56)} 35. Rg1 {(03:31)} Rc1 {(17:18)} 36. Qb2 {(04:29)}
Rc4 {(03:46)} 37. Rd1 {(02:39)} Qe3 {(06:15)} 38. Ra1 {
(06:18)} Rc3 {(02:53)} 39. Kh2 {(01:28)} Rb3 {(01:
24)} 40. Qa2 {(00:00)} Qe5+ {(00:00)} 41. f4 {(05:07)}
Qxf4+ {(02:22)} 42. Kh1 {(00:23)} Qe3 {(00:35)} 43. Qc2 {
(04:55)} Rxa3 {(01:57)} 44. Rd1 {(01:36)} g6 {(02:
36)} 45. Rd8+ {(02:42)} Kg7 {(00:17)} 46. Qc7 {(06:44)}
Ra1+ {(01:28)} 47. Kh2 {(00:16)} e5 {(00:42)} 0-1

[Event "42nd Olympiad Baku 2016 Women"]
[Site "Baku"]
[Date "2016.09.03"]
[Round "2.21"]
[White "Terao, Juliana Sayumi"]
[Black "Harika, Dronavalli"]
[Result "1-0"]
[ECO "C48"]
[WhiteElo "2268"]
[BlackElo "2542"]
[Annotator ""]
[PlyCount "148"]
[EventDate "2016.??.??"]
[EventCountry "AZE"]
[SourceTitle "playchess.com"]
[Source "ChessBase"]
[WhiteTeam "Brazil"]
[BlackTeam "India"]
[WhiteTeamCountry "BRA"]
[BlackTeamCountry "IND"]
[TimeControl "40/5400+30:1800+30"]

1. e4 {(00:00)} e5 {(00:00)} 2. Nf3 {(00:00)} Nc6 {
(00:00)} 3. Nc3 {(00:00)} Nf6 {(02:26)} 4. Bb5 {(
00:07)} Bd6 {(00:31)} 5. a3 {(00:44)} O-O {(02:13)} 6. d3
{(00:23)} Re8 {(06:15)} 7. g4 {(12:25)} Bc5 {(12:
04)} 8. g5 {(01:57)} Nh5 {(02:06)} 9. Rg1 {(25:36)} g6 {
(06:40)} 10. Bc4 {(17:23)} d6 {(06:50)} 11. Nd5 {(
01:05)} Be6 {(03:36)} 12. c3 {(01:30)} Nb8 {(05:26)} 13.
h4 {(11:42)} Nd7 {(08:01)} 14. b4 {(03:54)} Bb6 {(
02:09)} 15. Nh2 {(00:34)} c6 {(07:33)} 16. Nxb6 {(04:56)}
Nxb6 {(03:00)} 17. Bxe6 {(01:16)} Rxe6 {(00:13)} 18. Ng4 {
(00:29)} a5 {(06:42)} 19. Be3 {(05:07)} Nd7 {(01:
26)} 20. Qf3 {(00:30)} Kg7 {(03:28)} 21. Nh6 {(00:51)} Qf8
{(01:25)} 22. Nf5+ {(02:45)} Kh8 {(01:09)} 23. Nh6 {
(00:37)} Kg7 {(00:25)} 24. Nf5+ {(00:07)} Kh8 {(00:
04)} 25. Nh6 {(00:03)} axb4 {(03:31)} 26. cxb4 {(00:10)}
Kg7 {(01:32)} 27. Nf5+ {(00:37)} Kh8 {(00:05)} 28. Nh6 {
(01:14)} Re7 {(04:47)} 29. a4 {(00:57)} f6 {(02:37]
} 30. Qh3 {(04:39)} d5 {(01:45)} 31. a5 {(00:50)} fxg5 {
(02:09)} 32. hxg5 {(00:11)} Nf4 {(01:10)} 33. Qf1 {
(00:04)} Ree8 {(01:01)} 34. Bd2 {(00:34)} Ne6 {(00:
14)} 35. Qh3 {(01:17)} Re7 {(00:15)} 36. Rh1 {(01:18)} Nd4
{(01:09)} 37. Ra2 {(00:43)} Nf3+ {(02:02)} 38. Ke2 {
(00:03)} Nxd2 {(01:26)} 39. Rxd2 {(00:05)} Qf4 {(
00:54)} 40. Qh4 {(00:00)} Qxh4 {(00:00)} 41. Rxh4 {(02:03]
} Nf8 {(00:53)} 42. Kf1 {(12:12)} Rd8 {(05:59)} 43. Rc2 {
(03:13)} Ne6 {(02:33)} 44. Rg4 {(03:24)} dxe4 {(06:
08)} 45. dxe4 {(00:11)} Red7 {(01:03)} 46. Kg2 {(02:05)}
Kg7 {(00:39)} 47. a6 {(02:40)} bxa6 {(06:21)} 48. Rxc6 {
(00:18)} Rd6 {(00:21)} 49. Rc4 {(02:46)} Rf8 {(02:
59)} 50. Rc2 {(01:02)} Rd4 {(03:28)} 51. Rc6 {(01:13)}
Nxg5 {(01:59)} 52. Rc7+ {(00:21)} Kf6 {(00:48)} 53. Rc6+ {
(00:43)} Ne6 {(01:25)} 54. Rxa6 {(00:20)} Rxb4 {(
00:50)} 55. f3 {(02:21)} Rb2+ {(00:33)} 56. Kg1 {(01:48)}
Ke7 {(01:38)} 57. Rg2 {(00:57)} Rb1+ {(01:05)} 58. Kf2 {
(00:05)} Nd4 {(00:40)} 59. Ra3 {(02:09)} Rb2+ {(01:
00)} 60. Kg3 {(00:11)} Rxg2+ {(00:27)} 61. Kxg2 {(00:07)}
Nc6 {(00:23)} 62. Ng4 {(01:44)} Rb8 {(00:35)} 63. Rc3 {
(00:21)} Rb2+ {(00:21)} 64. Kh3 {(00:46)} Rb6 {(00:
41)} 65. Ne3 {(00:06)} Ra6 {(00:17)} 66. Rb3 {(00:57)} Kd6
{(00:26)} 67. Rb7 {(01:36)} Kc5 {(00:24)} 68. Ng4 {
(00:53)} h5 {(00:19)} 69. Nf6 {(00:24)} Ra3 {(00:
57)} 70. Kg2 {(00:32)} Nd4 {(00:32)} 71. Rc7+ {(00:29)}
Kb5 {(00:30)} 72. Re7 {(00:37)} Nxf3 {(00:27)} 73. Nd7 {
(00:32)} Kc6 {(00:37)} 74. Nxe5+ {(00:32)} Kd6 1-0

[Event "42nd Olympiad Baku 2016 Women"]
[Site "Baku"]
[Date "2016.09.03"]
[Round "2.31"]
[White "Terubea, Cydel"]
[Black "Comas Colon, Rinelly M"]
[Result "0-1"]
[ECO "B06"]
[WhiteElo "1363"]
[BlackElo "1773"]
[Annotator ""]
[PlyCount "38"]
[EventDate "2016.??.??"]
[EventCountry "AZE"]
[SourceTitle "playchess.com"]
[Source "ChessBase"]
[WhiteTeam "Fiji"]
[BlackTeam "Puerto Rico"]
[WhiteTeamCountry "FIJ"]
[BlackTeamCountry "PUR"]
[TimeControl "40/5400+30:1800+30"]

1. e4 {(00:00)} g6 {(00:00)} 2. d4 {(00:08)} Bg7 {(
00:00)} 3. Nf3 {(00:52)} d6 {(00:39)} 4. h3 {(03:03)} Nf6
{(00:10)} 5. Bd3 {(01:56)} O-O {(01:46)} 6. Bf4 {(
02:53)} Nc6 {(06:53)} 7. c3 {(00:32)} Re8 {(03:39)} 8. Bh2
{(09:30)} e5 {(02:03)} 9. d5 {(01:39)} Ne7 {(03:56]
} 10. O-O {(00:47)} Bd7 {(02:47)} 11. Na3 {(01:02)} Nh5 {
(08:21)} 12. Re1 {(07:22)} Nf6 {(12:12)} 13. Qb3 {(
05:07)} Qc8 {(04:38)} 14. Rab1 {(02:02)} Nexd5 {(04:52)}
15. Bc4 {(03:03)} Nb6 {(09:29)} 16. Bxf7+ {(01:00)} Kf8 {
(00:03)} 17. Bxe8 {(00:24)} Bxe8 {(01:18)} 18. Rbd1 {
(03:53)} Ba4 {(00:47)} 19. Qb4 {(01:53)} a5 {(00:
18)} 0-1

[Event "42nd Olympiad Baku 2016 Women"]
[Site "Baku"]
[Date "2016.09.03"]
[Round "2.26"]
[White "Thorsteinsdottir, Gudlaug"]
[Black "Brunello, Marina"]
[Result "0-1"]
[ECO "D43"]
[WhiteElo "2046"]
[BlackElo "2376"]
[Annotator ""]
[PlyCount "92"]
[EventDate "2016.??.??"]
[EventCountry "AZE"]
[SourceTitle "playchess.com"]
[Source "ChessBase"]
[WhiteTeam "Iceland"]
[BlackTeam "Italy"]
[WhiteTeamCountry "ISL"]
[BlackTeamCountry "ITA"]
[TimeControl "40/5400+30:1800+30"]

1. d4 {(00:00)} d5 {(00:00)} 2. c4 {(00:00)} c6 {(
00:00)} 3. Nf3 {(00:00)} Nf6 {(00:00)} 4. Nc3 {(00:00)} e6
{(00:04)} 5. Bg5 {(00:55)} Be7 {(00:50)} 6. e3 {(
00:48)} Nbd7 {(00:16)} 7. cxd5 {(02:00)} exd5 {(00:27)} 8.
Bd3 {(01:32)} O-O {(01:25)} 9. O-O {(00:59)} Re8 {(
02:21)} 10. Qc2 {(06:35)} Nf8 {(00:15)} 11. Ne5 {(05:02)}
Ng4 {(09:29)} 12. Bxe7 {(04:09)} Qxe7 {(01:10)} 13. Nxg4 {
(09:15)} Bxg4 {(00:10)} 14. Rae1 {(08:55)} Rad8 {(
10:41)} 15. h3 {(05:20)} Bc8 {(00:54)} 16. Bf5 {(07:53)}
Bxf5 {(05:00)} 17. Qxf5 {(00:07)} Ng6 {(00:13)} 18. g3 {
(11:32)} Rd6 {(01:03)} 19. Qg4 {(07:00)} Re6 {(02:
38)} 20. a3 {(00:30)} Qc7 {(05:28)} 21. Rc1 {(02:06)} Ne7
{(02:43)} 22. b4 {(02:20)} Rg6 {(05:19)} 23. Qf3 {(
00:52)} Qd7 {(00:17)} 24. Kh2 {(05:35)} Nf5 {(09:19)} 25.
Ne2 {(02:44)} Nd6 {(01:44)} 26. Rc2 {(05:28)} Ne4 {
(01:16)} 27. Nf4 {(01:22)} Rh6 {(04:07)} 28. g4 {(
00:50)} f5 {(02:13)} 29. Rg1 {(02:00)} fxg4 {(02:08)} 30.
Qxg4 {(03:57)} Qf7 {(00:10)} 31. Qe2 {(02:28)} Kh8 {
(04:40)} 32. f3 {(00:13)} Nd6 {(00:35)} 33. Qf2 {(
01:50)} Nf5 {(02:51)} 34. Rc3 {(01:20)} Nxd4 {(00:24)} 35.
Rg4 {(00:43)} Nf5 {(01:18)} 36. e4 {(00:30)} d4 {(
07:07)} 37. Rd3 {(00:39)} Ne3 {(00:13)} 38. Rxe3 {(00:37)}
dxe3 {(00:10)} 39. Qxe3 {(00:05)} Qc7 {(02:28)} 40. Kg2 {
(00:00)} a6 {(00:00)} 41. Ne2 {(15:18)} Rhe6 {(12:
53)} 42. Nd4 {(01:02)} Re5 {(02:01)} 43. Qf4 {(03:11)}
R5e7 {(00:48)} 44. Qg5 {(02:30)} Rd7 {(02:20)} 45. Rh4 {
(01:43)} Qe5 {(03:49)} 46. Nf5 {(01:47)} g6 {(01:
13)} 0-1

[Event "42nd Olympiad Baku 2016 Women"]
[Site "Baku"]
[Date "2016.09.03"]
[Round "2.15"]
[White "Tin, Ruiqi"]
[Black "Hakimifard, Ghazal"]
[Result "0-1"]
[ECO "B40"]
[WhiteElo "1892"]
[BlackElo "2308"]
[Annotator ""]
[PlyCount "250"]
[EventDate "2016.??.??"]
[EventCountry "AZE"]
[SourceTitle "playchess.com"]
[Source "ChessBase"]
[WhiteTeam "Singapore"]
[BlackTeam "Iran"]
[WhiteTeamCountry "SIN"]
[BlackTeamCountry "IRI"]
[TimeControl "40/5400+30:1800+30"]

1. e4 {(00:00)} c5 {(00:00)} 2. Nf3 {(00:00)} e6 {(
00:00)} 3. c3 {(00:00)} d5 {(07:49)} 4. exd5 {(00:03)}
exd5 {(00:18)} 5. d4 {(00:13)} Nc6 {(00:44)} 6. Bb5 {
(00:18)} Bd6 {(01:38)} 7. O-O {(01:52)} Nge7 {(00:
36)} 8. dxc5 {(04:19)} Bxc5 {(00:09)} 9. Nbd2 {(01:22)}
O-O {(01:13)} 10. Nb3 {(00:49)} Bd6 {(01:06)} 11. h3 {
(06:52)} Bf5 {(07:47)} 12. Be3 {(07:13)} Bg6 {(11:
48)} 13. Qd2 {(06:30)} Qc7 {(03:29)} 14. Rad1 {(08:55)}
Rad8 {(02:07)} 15. Nbd4 {(14:35)} Na5 {(02:58)} 16. b3 {
(10:36)} Nac6 {(09:41)} 17. Bd3 {(05:40)} a6 {(00:
48)} 18. Bxg6 {(04:28)} Nxg6 {(06:33)} 19. Nf5 {(02:32)}
Nce5 {(10:43)} 20. N3d4 {(12:03)} Rfe8 {(10:56)} 21. Nxd6
{(04:17)} Qxd6 {(00:29)} 22. Rfe1 {(01:10)} f6 {(
04:47)} 23. f4 {(03:10)} Nc6 {(04:04)} 24. f5 {(01:07)}
Nf8 {(00:04)} 25. Bf4 {(02:02)} Qd7 {(00:13)} 26. g4 {
(01:01)} Ne5 {(03:11)} 27. Kg2 {(00:34)} b5 {(00:
34)} 28. Re2 {(00:38)} Qb7 {(05:21)} 29. Rde1 {(00:36)}
Nfd7 {(00:25)} 30. Kg3 {(00:51)} Nc5 {(00:39)} 31. Kg2 {
(00:40)} Ne4 {(00:52)} 32. Qe3 {(00:34)} Rc8 {(00:
30)} 33. Rc2 {(00:18)} Re7 {(02:06)} 34. Kh2 {(00:31)}
Rec7 {(01:29)} 35. Rec1 {(00:12)} Qb6 {(00:33)} 36. Kg2 {
(01:02)} Qa5 {(01:26)} 37. b4 {(00:41)} Qb6 {(00:
32)} 38. Kh2 {(00:38)} Nc4 {(00:41)} 39. Qd3 {(00:31)} Re7
{(00:08)} 40. Re2 {(00:00)} Rd7 {(00:00)} 41. Ne6 {
(04:14)} Qb7 {(07:29)} 42. Rd1 {(07:18)} Nb6 {(01:
34)} 43. Rc2 {(01:41)} Na4 {(01:24)} 44. Rdc1 {(03:11)}
Rc4 {(03:44)} 45. Be3 {(04:08)} Qb8+ {(00:50)} 46. Bf4 {
(01:30)} Qc8 {(00:25)} 47. Bd2 {(00:52)} Qc6 {(01:
09)} 48. Be1 {(03:39)} Re7 {(02:09)} 49. Nd4 {(02:38)}
Qd6+ {(01:01)} 50. Kg2 {(00:30)} Rec7 {(02:33)} 51. Ne2 {
(02:03)} Qe5 {(02:49)} 52. Bg3 {(02:02)} Nxg3 {(01:
00)} 53. Qxg3 {(00:18)} Qe4+ {(03:33)} 54. Qf3 {(01:17)}
Kf7 {(01:19)} 55. Kf2 {(01:19)} g6 {(02:19)} 56. fxg6+ {
(00:30)} hxg6 {(00:02)} 57. Qxe4 {(00:21)} dxe4 {(
00:11)} 58. Ke3 {(00:53)} Rc8 {(01:01)} 59. a3 {(00:52)}
f5 {(00:44)} 60. gxf5 {(00:17)} gxf5 {(00:01)} 61. Kf4 {
(00:37)} Kf6 {(00:18)} 62. Rd1 {(01:15)} Nxc3 {(00:
30)} 63. Nxc3 {(00:09)} Rxc3 {(00:02)} 64. Rxc3 {(00:12)}
Rxc3 {(00:01)} 65. Rd6+ {(00:34)} Ke7 {(00:01)} 66. Rxa6 {
(00:16)} Rf3+ {(00:48)} 67. Ke5 {(00:22)} Kf7 {(02:
33)} 68. Kd4 {(01:30)} Rd3+ {(00:43)} 69. Ke5 {(00:33)} e3
{(00:41)} 70. Kxf5 {(00:32)} Rd5+ {(01:56)} 71. Ke4 {
(00:32)} e2 {(00:16)} 72. Kxd5 {(00:06)} e1=Q {(00:
02)} 73. Kc5 {(00:45)} Qe5+ {(01:30)} 74. Kb6 {(00:19)}
Ke6 {(01:03)} 75. Ra5 {(00:35)} Qb8+ {(00:04)} 76. Kc5 {
(00:38)} Ke5 {(01:15)} 77. Kc6 {(00:29)} Qe8+ {(00:
42)} 78. Kc5 {(00:33)} Qb8 {(01:16)} 79. Kc6 {(00:21)}
Qe8+ {(01:01)} 80. Kc5 {(00:09)} Qd7 {(00:19)} 81. Kb6 {
(00:29)} Kd4 {(00:13)} 82. Rxb5 {(00:34)} Qd8+ {(
00:24)} 83. Kb7 {(00:45)} Qd7+ {(00:04)} 84. Kb6 {(00:23)}
Qd6+ {(00:25)} 85. Kb7 {(00:22)} Kc4 {(00:50)} 86. Ra5 {
(00:31)} Qd7+ {(00:03)} 87. Kb6 {(00:29)} Kb3 {(01:
06)} 88. h4 {(00:51)} Qd6+ {(00:01)} 89. Kb7 {(00:31)}
Qe7+ {(00:01)} 90. Kb6 {(00:19)} Qxh4 {(00:31)} 91. Kc6 {
(00:27)} Qf6+ {(00:04)} 92. Kc7 {(00:48)} Qe7+ {(
00:02)} 93. Kc6 {(00:06)} Qe6+ {(00:14)} 94. Kc7 {(00:13)}
Qc4+ {(00:22)} 95. Kb6 {(00:25)} Qc8 {(00:11)} 96. Ka7 {
(01:16)} Qc7+ {(00:01)} 97. Ka8 {(00:35)} Qb6 {(00:
12)} 98. Ra7 {(00:18)} Kc4 {(00:14)} 99. Ra5 {(00:39)} Kd4
{(00:18)} 100. Ra7 {(00:33)} Kd5 {(00:32)} 101. Rd7+ {
(00:29)} Kc6 {(00:14)} 102. Rh7 {(00:31)} Qa6+ {(
03:34)} 103. Kb8 {(00:06)} Qxa3 {(00:09)} 104. Rh6+ {(00:
50)} Kb5 {(00:07)} 105. Kb7 {(00:35)} Kxb4 {(00:07)} 106.
Rh4+ {(00:18)} Kc5 {(00:02)} 107. Rh5+ {(00:18)} Kd6 {
(00:08)} 108. Rh6+ {(00:13)} Ke5 {(00:15)} 109. Rh5+ {
(00:25)} Kf4 {(00:06)} 110. Rb5 {(01:04)} Qd6 {(00:
19)} 111. Ra5 {(00:28)} Ke4 {(00:25)} 112. Ra4+ {(00:36)}
Kd5 {(00:05)} 113. Ra5+ {(00:29)} Kc4 {(00:02)} 114. Ra6 {
(00:33)} Qd7+ {(00:23)} 115. Kb6 {(00:30)} Kb4 {(
00:12)} 116. Ra7 {(00:26)} Qd6+ {(00:05)} 117. Kb7 {(00:
06)} Kb5 {(01:25)} 118. Kc8 {(01:03)} Qf8+ {(00:01)} 119.
Kb7 {(00:22)} Qd8 {(00:11)} 120. Ra1 {(00:32)} Qe7+ {
(03:14)} 121. Kc8 {(00:35)} Qe8+ {(00:06)} 122. Kb7 {
(00:14)} Qe4+ {(00:18)} 123. Kc8 {(00:18)} Qc4+ {(
00:29)} 124. Kb7 {(00:38)} Qf7+ {(00:15)} 125. Kc8 {(00:
27)} Qg8+ {(00:02)} 0-1

[Event "42nd Olympiad Baku 2016 Women"]
[Site "Baku"]
[Date "2016.09.03"]
[Round "2.20"]
[White "Topel, Zehra"]
[Black "Allahverdiyeva, Ayan"]
[Result "1-0"]
[ECO "D38"]
[WhiteElo "2156"]
[BlackElo "1780"]
[Annotator ""]
[PlyCount "127"]
[EventDate "2016.??.??"]
[EventCountry "AZE"]
[SourceTitle "playchess.com"]
[Source "ChessBase"]
[WhiteTeam "Turkey"]
[BlackTeam "Azerbaijan"]
[WhiteTeamCountry "TUR"]
[BlackTeamCountry "AZE"]
[TimeControl "40/5400+30:1800+30"]

1. d4 {(00:00)} d5 {(00:00)} 2. Nf3 {(00:09)} Nf6 {
(00:00)} 3. c4 {(00:13)} e6 {(00:00)} 4. Nc3 {(00:
20)} Bb4 {(00:05)} 5. Qa4+ {(00:08)} Nc6 {(00:06)} 6. e3 {
(00:19)} O-O {(00:06)} 7. Qc2 {(00:25)} dxc4 {(00:
32)} 8. Bxc4 {(00:22)} a6 {(00:09)} 9. O-O {(10:51)} b5 {
(02:34)} 10. Bd3 {(03:10)} Bd6 {(08:53)} 11. a3 {(
03:28)} Bb7 {(08:22)} 12. Ne4 {(08:11)} h6 {(07:52)} 13.
b4 {(14:38)} Nd5 {(11:39)} 14. Nxd6 {(11:20)} cxd6 {
(00:52)} 15. e4 {(02:44)} Nb6 {(03:45)} 16. Be3 {(
04:18)} d5 {(01:58)} 17. e5 {(06:41)} Nc4 {(00:07)} 18.
Nd2 {(06:58)} Ne7 {(04:40)} 19. Nb3 {(00:51)} Bc6 {
(02:27)} 20. Qe2 {(02:24)} f5 {(07:30)} 21. Nc5 {(
05:59)} Qc8 {(03:51)} 22. g3 {(00:17)} Be8 {(09:43)} 23.
h4 {(00:46)} Bf7 {(03:22)} 24. Kh2 {(00:43)} Qe8 {(
02:38)} 25. f3 {(02:58)} Ng6 {(00:42)} 26. h5 {(03:01)}
Nh8 {(02:42)} 27. g4 {(01:04)} Bxh5 {(03:04)} 28. Bxc4 {
(03:56)} bxc4 {(00:15)} 29. gxh5 {(00:19)} Qxh5+ {(
00:05)} 30. Kg1 {(02:03)} f4 {(00:18)} 31. Qh2 {(01:40)}
Qg6+ {(00:59)} 32. Qg2 {(01:09)} fxe3 {(00:40)} 33. Qxg6 {
(00:03)} Nxg6 {(00:05)} 34. Nxe6 {(00:12)} e2 {(03:
07)} 35. Rf2 {(00:44)} Nf4 {(00:09)} 36. Nxf8 {(00:28)}
Rxf8 {(00:11)} 37. Rh2 {(01:27)} c3 {(00:27)} 38. Kf2 {
(01:48)} c2 {(02:02)} 39. Ke3 {(00:42)} Kh7 {(00:
30)} 40. Rc1 {(00:00)} g5 {(00:00)} 41. Rxe2 {(13:11)}
Nxe2 {(00:49)} 42. Kxe2 {(00:03)} Rc8 {(00:04)} 43. a4 {
(01:24)} h5 {(04:48)} 44. b5 {(00:28)} axb5 {(00:
07)} 45. axb5 {(00:02)} h4 {(00:34)} 46. b6 {(02:40)} h3 {
(00:10)} 47. Kf2 {(00:39)} Rc3 {(01:40)} 48. Kg3 {(
03:32)} Kg6 {(00:51)} 49. b7 {(00:45)} Rb3 {(00:07)} 50.
Rxc2 {(00:56)} Rxb7 {(00:06)} 51. Rc6+ {(00:53)} Kf7 {
(00:46)} 52. Kxh3 {(03:13)} Rb4 {(00:19)} 53. Kg4 {
(00:13)} Rxd4+ {(00:08)} 54. Kxg5 {(00:04)} Rc4 {(
00:32)} 55. Rd6 {(00:34)} Rd4 {(00:36)} 56. Kf5 {(00:27)}
Ke7 {(00:13)} 57. Ra6 {(00:42)} Rh4 {(00:13)} 58. Ra7+ {
(00:23)} Ke8 {(00:05)} 59. Ke6 {(00:15)} Rh6+ {(00:
09)} 60. Kxd5 {(00:07)} Rh4 {(00:13)} 61. Kd6 {(00:25)}
Rb4 {(00:21)} 62. Ke6 {(00:49)} Rb6+ {(00:05)} 63. Kf5 {
(00:03)} Rb5 {(00:21)} 64. f4 {(00:18)} 1-0

[Event "42nd Olympiad Baku 2016 Women"]
[Site "Baku"]
[Date "2016.09.03"]
[Round "2.18"]
[White "Tsiganova, Monika"]
[Black "Matnadze, Ana"]
[Result "0-1"]
[ECO "A46"]
[WhiteElo "2095"]
[BlackElo "2383"]
[Annotator ""]
[PlyCount "112"]
[EventDate "2016.??.??"]
[EventCountry "AZE"]
[SourceTitle "playchess.com"]
[Source "ChessBase"]
[WhiteTeam "Estonia"]
[BlackTeam "Spain"]
[WhiteTeamCountry "EST"]
[BlackTeamCountry "ESP"]
[TimeControl "40/5400+30:1800+30"]

1. d4 {(00:07)} Nf6 {(00:00)} 2. Nf3 {(00:35)} e6 {
(00:00)} 3. e3 {(00:16)} b6 {(00:01)} 4. Bd3 {(00:
23)} Bb7 {(00:04)} 5. O-O {(00:24)} d5 {(00:07)} 6. b3 {
(00:35)} Bd6 {(00:58)} 7. Bb2 {(00:29)} Nbd7 {(00:
42)} 8. Ne5 {(03:14)} O-O {(04:04)} 9. f4 {(04:18)} Ne4 {
(05:28)} 10. Nd2 {(06:33)} f6 {(04:45)} 11. Nxd7 {(
02:57)} Qxd7 {(00:03)} 12. c4 {(06:04)} Qe7 {(05:55)} 13.
Rc1 {(15:07)} c5 {(02:48)} 14. Nxe4 {(15:09)} dxe4 {
(05:19)} 15. Bb1 {(01:37)} a5 {(04:02)} 16. a4 {(
03:33)} Rad8 {(03:55)} 17. Qe2 {(00:54)} Qc7 {(05:59)} 18.
g3 {(07:24)} cxd4 {(04:31)} 19. exd4 {(01:41)} f5 {
(06:55)} 20. Qe3 {(01:37)} Be7 {(01:25)} 21. Rfd1 {
(01:55)} Bf6 {(01:12)} 22. Ba3 {(02:35)} Rf7 {(01:
43)} 23. d5 {(05:41)} Rfd7 {(05:38)} 24. d6 {(07:37)} Rxd6
{(02:35)} 25. Bxd6 {(00:49)} Rxd6 {(00:02)} 26. Bc2 {
(01:17)} Be7 {(01:22)} 27. Kf1 {(01:29)} h6 {(03:
04)} 28. Rxd6 {(01:11)} Bxd6 {(00:07)} 29. Rd1 {(00:21)}
Qc6 {(04:19)} 30. Rxd6 {(07:05)} Qxd6 {(00:02)} 31. h4 {
(00:23)} Bc8 {(02:06)} 32. Ke1 {(01:01)} Kf7 {(05:
01)} 33. Bd1 {(00:22)} e5 {(02:34)} 34. fxe5 {(01:24)}
Qxe5 {(00:08)} 35. h5 {(00:15)} Qc5 {(03:52)} 36. Qf4 {
(00:12)} Be6 {(03:05)} 37. Kf1 {(00:30)} Ke7 {(00:
39)} 38. Be2 {(00:56)} Qd6 {(01:10)} 39. Qe3 {(00:34)} Kf6
{(01:56)} 40. Kg2 {(00:00)} Qc5 {(00:00)} 41. Qd2 {
(02:04)} Ke7 {(03:37)} 42. Qc3 {(00:54)} Kf7 {(00:
15)} 43. Qd2 {(00:52)} Qe5 {(03:04)} 44. Qd8 {(00:49)} Qb2
{(05:02)} 45. Qd1 {(00:42)} Ke7 {(03:42)} 46. Kg1 {
(01:00)} Qc3 {(01:04)} 47. Kg2 {(02:18)} f4 {(01:
16)} 48. gxf4 {(00:10)} Qh3+ {(00:18)} 49. Kg1 {(00:58)}
Qg3+ {(01:01)} 50. Kh1 {(00:13)} Qxf4 {(01:23)} 51. Qd4 {
(00:51)} Qh4+ {(00:42)} 52. Kg1 {(05:21)} Qg3+ {(
00:05)} 53. Kh1 {(00:09)} Qe1+ {(00:05)} 54. Qg1 {(00:05)}
Qxe2 {(02:08)} 55. Qxg7+ {(00:13)} Kd6 {(03:12)} 56. Qf8+
{(00:39)} Ke5 0-1

[Event "42nd Olympiad Baku 2016 Women"]
[Site "Baku"]
[Date "2016.09.03"]
[Round "2.21"]
[White "Tsolakidou, Stavroula"]
[Black "Cori T, Deysi"]
[Result "1/2-1/2"]
[ECO "D85"]
[WhiteElo "2355"]
[BlackElo "2402"]
[Annotator ""]
[PlyCount "99"]
[EventDate "2016.??.??"]
[EventCountry "AZE"]
[SourceTitle "playchess.com"]
[Source "ChessBase"]
[WhiteTeam "Greece"]
[BlackTeam "Peru"]
[WhiteTeamCountry "GRE"]
[BlackTeamCountry "PER"]
[TimeControl "40/5400+30:1800+30"]

1. d4 {(00:00)} Nf6 {(00:00)} 2. c4 {(00:00)} g6 {(
00:01)} 3. Nc3 {(00:00)} d5 {(01:05)} 4. cxd5 {(00:23)}
Nxd5 {(00:06)} 5. e4 {(00:07)} Nxc3 {(00:05)} 6. bxc3 {
(00:05)} Bg7 {(00:05)} 7. Qa4+ {(00:24)} Nd7 {(00:
40)} 8. Nf3 {(00:13)} O-O {(00:13)} 9. Be2 {(00:26)} c5 {
(00:47)} 10. O-O {(00:55)} Nf6 {(16:04)} 11. d5 {(
13:46)} e6 {(14:15)} 12. Bg5 {(23:56)} Bd7 {(10:27)} 13.
Qb3 {(16:18)} Qc8 {(05:37)} 14. Bxf6 {(07:26)} Bxf6 {
(00:03)} 15. Bc4 {(08:57)} Rb8 {(14:49)} 16. e5 {(
02:39)} Bg7 {(02:54)} 17. Rfd1 {(07:39)} exd5 {(10:31)}
18. Bxd5 {(00:05)} Bg4 {(02:38)} 19. Re1 {(03:07)} Bxf3 {
(10:27)} 20. Bxf3 {(01:23)} Re8 {(01:11)} 21. Bd5 {
(07:55)} Rxe5 {(00:20)} 22. Bxf7+ {(00:20)} Kh8 {(
00:02)} 23. Rxe5 {(01:27)} Bxe5 {(00:02)} 24. g3 {(02:44)}
Qf5 {(02:46)} 25. Bd5 {(01:05)} b5 {(03:55)} 26. Rd1 {
(00:47)} c4 {(03:15)} 27. Qb1 {(00:48)} Qf6 {(00:
34)} 28. a4 {(00:33)} Rf8 {(00:30)} 29. Rf1 {(00:26)} bxa4
{(00:23)} 30. Qa2 {(00:32)} Bxc3 {(00:28)} 31. Qxa4 {
(00:27)} Bd4 {(00:41)} 32. Qxc4 {(00:30)} Bxf2+ {(
00:30)} 33. Kg2 {(00:23)} Qb2 {(00:32)} 34. Qa2 {(00:37)}
Qxa2 {(00:20)} 35. Bxa2 {(00:04)} Bc5 {(00:05)} 36. Rxf8+
{(00:14)} Bxf8 {(00:02)} 37. Kf3 {(01:04)} Kg7 {(
01:15)} 38. h4 {(00:38)} Be7 {(00:15)} 39. Ke4 {(00:32)}
h5 {(00:39)} 40. Kf3 {(00:00)} Bb4 {(00:00)} 41. g4 {
(03:46)} Be1 {(01:42)} 42. gxh5 {(00:10)} gxh5 {(
00:05)} 43. Kg2 {(00:37)} a5 {(04:05)} 44. Bb3 {(02:35)}
Bxh4 {(02:19)} 45. Kh3 {(00:11)} Be1 {(00:07)} 46. Bd1 {
(00:33)} Kg6 {(00:06)} 47. Bc2+ {(00:52)} Kg5 {(00:
05)} 48. Bd1 {(00:07)} h4 {(00:10)} 49. Ba4 {(00:34)} Kf4
{(00:05)} 50. Bb5 {(00:41)} 1/2-1/2